Guthix, chaotic male human Ranger --- ----------------.- --- |.|---|................| -- |.- |.|...|................| %| |. --.|...-..--|--.........| )| |. ..|...|..|......-----..| .. --. ------- -.-----(.|...|--|((.|..--|---+- ..| -----.....---- ---............| |((.-.............- -..- |.|..........-- |..........|---|..|((.|......--+- | |..-- -.%.......)..| |...----...|(((|)------..{...| |...| |.....--...d.-----.|..-...|(((|.............| |...-- --....-|......| |.|..|...|...|-+-.(...---|-------------.|..--- --....|-....<----.----...--|-- |..-|-|..............).......------ |...-------........|.....[..| |..|..|----...)---------..........| ------------.......|..#.%...----..|..|%%.-....| |.*........--- - |............@.|-....{........|..|%!.|....-. |..............| | ---.--.-...--..|....#.....--------....|... |.............--- `##..........-......................|---- --..............| #--...---..........---....---....-.)- |..............| |....####--.|.|................. .) |....----......| |..-- # ------.------------------- ------ --.|.-- --- --- ---- Guthix the Trailblazer Experience level: 6 Strength: 14 Dexterity: 13 Constitution: 16 Intelligence: 15 Wisdom: 13 Charisma: 7 Health: 0(42) Energy: 35(35) Def: 4 Gold: 1624 Moves: 3820 Dungeon seed: W1AQvytDsAC1pFKq Game ID: Guthix_1546697107 Your Inventory: Coins $ - 1624 gold pieces Weapons a - a +1 dagger (alternate weapon; not wielded) b - a +1 bow (weapon in hand) c - 35 +2 arrows (in quiver) d - 36 +0 arrows s - 14 +0 darts I - 8 +0 arrows W - the cursed rustproof +0 Mjollnir Armor e - an uncursed +2 cloak of displacement (being worn) n - an uncursed +0 orcish helm (being worn) q - a blessed +0 Hawaiian shirt r - a cursed -1 helm of opposite alignment Comestibles j - an uncursed melon z - an uncursed crayon of tastiness C - an uncursed carrot X - 4 cursed cereal boxes named Fire Bran Scrolls o - an uncursed scroll of remove curse x - an uncursed scroll of magic mapping F - 2 uncursed scrolls of scare monster T - a cursed scroll of remove curse U - a cursed scroll of stinking cloud V - 4 cursed scrolls of magic mapping Potions h - an uncursed potion of hallucination i - a blessed potion of monster detection p - an uncursed potion of see invisible w - a blessed potion of fruit juice A - a cursed potion of speed J - a blessed potion of confusion Rings g - an uncursed ring of regeneration (on left hand) y - an uncursed ring of polymorph control S - a cursed -1 ring of protection Wands v - a wand of make invisible (0:1) Q - a wand of sleep (0:6) Tools k - an expensive camera (0:43) l - an uncursed bag of holding K - an uncursed tallow candle (0:200) Y - an uncursed credit card Z - a cursed magic whistle Spells and supernatural/magical abilities: Name Level Category Fail Memory s - slow monster 2 enchantment 100% 89% W - pray for help -- divine ? -- Your skills at the end: Fighting Skills Weapon Skills dagger [Skilled] bow [Basic] Spellcasting Skills Final Attributes: You were piously aligned. You were telepathic. You had automatic searching. You were invisible. You were displaced. You regenerated. You are dead. Vanquished creatures: a ghost 2 wolves a gold golem a werewolf a shrieker 6 gnome lords 2 gnomish wizards 3 floating eyes a kitten 6 dwarves 2 kobold lords a giant bat an iguana an acid blob 2 hobbits 2 large kobolds a green mold 15 gnomes a gnome zombie 3 jackals 2 foxes 2 goblins a grid bug 7 lichens 2 kobold zombies 7 newts 74 creatures vanquished. Voluntary challenges: You had been an atheist until turn 3618. You used a wielded weapon 124 times, starting on turn 93. You read items or engraved 12 times, starting on turn 1375. You never genocided any monsters. You never polymorphed an object. You never changed form. You used no wishes. You never split a pudding. You wrote Elbereth's name 4 times, starting on turn 3623. You never violated your personal moral code. Dungeon overview: The Dungeons of Doom: levels 1 to 4 Level 1 a fountain a long staircase Level 2 a general store, a fountain Level 3 a general store Level 4 stairs to The Gnomish Mines The Gnomish Mines: levels 5 to 7 Level 5 stairs to The Dungeons of Doom Level 6 Level 7 <- You were here many shops, some fountains, some trees History has recorded: On T:1 you entered the Dungeons of Doom to retrieve the Amulet of Yendor! On T:553 you reached level 2 of The Dungeons of Doom. On T:618 you advanced to experience level 2. On T:1388 you advanced to experience level 3. On T:1503 you reached level 3 of The Dungeons of Doom. On T:2009 you advanced to experience level 4. On T:2207 you reached level 4 of The Dungeons of Doom. On T:2404 you reached level 1 of The Gnomish Mines. On T:2509 you advanced to experience level 5. On T:2985 you reached level 2 of The Gnomish Mines. On T:3070 you advanced to experience level 6. On T:3406 you reached level 3 of The Gnomish Mines. Score breakdown: Gold: 1624 (10922 points) Experience: 6 levels (12456 points) Exploration: 7 levels ( 14.58%) (10718 points) Discoveries: 4 items ( 1.34%) ( 3469 points) Valuables value: (no points given unless you survive) Artifact value: 4000 (12253 points) Variety of kills: 26 monsters ( 6.82%) ( 7836 points) Turncount: 3820 turns ( -956 points) Survival: died (score multiplied by 80%) Total score: 45358 Latest messages: You finish eating the cram ration. The winter wolf bites! You shoot 2 arrows. The 1st arrow hits the winter wolf. The 2nd arrow hits the winter wolf! The winter wolf bites! The arrow misses the winter wolf. The winter wolf bites! You hear crashing rock. You hear some noises in the distance. You shoot 2 arrows. The 1st arrow hits the winter wolf. The 2nd arrow hits the winter wolf! The winter wolf bites! The winter wolf breathes frost! The blast of frost hits you! You die... The bag of holding is empty. The bag of holding is empty. Final status: Goodbye Guthix the Ranger, killed by a blast of frost... You died in The Gnomish Mines on dungeon level 7 with 45358 points, and 1624 pieces of gold, after 3820 moves. You were level 6 with a maximum of 42 hit points when you died.